3AA
MYRTLE BEACH MERMEN @ SPRINGFIELD SHOOTERS
09/16/2027
 
TOP OF THE 1ST
Myrtle Beach Mermen batting - Pitching for Springfield Shooters : LHP Marcus Blakely
Pitching: LHP Marcus Blakely
Batting: RHB Sergio Pérez 0-0: Ball
1-0: Ball
2-0: Called Strike
2-1: Foul Ball, location: 2F
2-2: Foul Ball, location: 2F
2-2: Foul Ball, location: 2F
2-2: Foul Ball, location: 2F
2-2: Fly out, F8 (Flyball, 8LM)
Batting: RHB Jorge Reyes 0-0: Called Strike
0-1: Fly out, F8 (Line Drive, 8LXD)
Batting: LHB Juan Villanueva 0-0: Swinging Strike
0-1: Ground out 4-3 (Groundball, 4)
Top of the 1st over - 0 run(s), 0 hit(s), 0 error(s), 0 left on base; Myrtle Beach 0 - Springfield 0
BOTTOM OF THE 1ST
Springfield Shooters batting - Pitching for Myrtle Beach Mermen : RHP José López
Pitching: RHP José López
Batting: SHB Benedict Patel 0-0: Called Strike
0-1: Ball
1-1: Ball
2-1: Fly out, F7 (Flyball, 7S)
Batting: RHB Carlos Cardona 0-0: Ball
1-0: Foul Ball, location: 2F
1-1: Fly out, F9 (Flyball, 89M)
Batting: LHB Shahid Afridi 0-0: Ball
1-0: Called Strike
1-1: Swinging Strike
1-2: Foul Ball, location: 2F
1-2: Ball
2-2: Ball
3-2: Ground out 4-3 (Groundball, 4)
Bottom of the 1st over - 0 run(s), 0 hit(s), 0 error(s), 0 left on base; Myrtle Beach 0 - Springfield 0
TOP OF THE 2ND
Myrtle Beach Mermen batting - Pitching for Springfield Shooters : LHP Marcus Blakely
Batting: RHB Maik Palen 0-0: Ball
1-0: Ball
2-0: SINGLE (Flyball, 89S)
Batting: LHB Alexis Raimbault 0-0: Foul Ball, location: 2F
0-1: Ball
Wild Pitch!
Maik Palen to second
1-1: SINGLE (Line Drive, 8LS)
Maik Palen to third
Batting: LHB Philip Strickland 0-0: Called Strike
0-1: Ball
1-1: Ball
2-1: Ball
3-1: Foul Ball, location: 2F
3-2: Ground out 3-1 (Groundball, 34S)
Maik Palen scores
Alexis Raimbault to second
Batting: RHB Fernando Martínez 0-0: Ball
1-0: Called Strike
1-1: Called Strike
1-2: Ground out 6-3 (Groundball, 6)
Alexis Raimbault to third
Batting: RHB Jimmy Dawson 0-0: Ball
1-0: Called Strike
1-1: Ball
2-1: Ball
3-1: Base on Balls
Batting: SHB David Vázquez 0-0: Ball
1-0: Called Strike
1-1: Foul Ball, location: 2F
1-2: SINGLE (Flyball, 8LM)
Alexis Raimbault scores
Jimmy Dawson to second
Batting: RHB Sergio Pérez 0-0: Foul Ball, location: 2F
0-1: Foul Ball, location: 2F
0-2: SINGLE (Line Drive, 7S)
Jimmy Dawson to third
David Vázquez to second
Runner from 3rd tries for Home, SAFE, no throw
Batting: RHB Jorge Reyes 0-0: Called Strike
0-1: Fielders Choice at 2nd, 5-4 (Groundball, 56)
Top of the 2nd over - 3 run(s), 4 hit(s), 0 error(s), 1 left on base; Myrtle Beach 3 - Springfield 0
BOTTOM OF THE 2ND
Springfield Shooters batting - Pitching for Myrtle Beach Mermen : RHP José López
Batting: RHB Gabrio Campoverde 0-0: SINGLE (Groundball, 56) (infield hit)
Batting: LHB Daniel Faraday 0-0: Ball
Gabrio Campoverde is caught stealing 2nd base
1-0: Ball
2-0: Ball
3-0: Base on Balls
Batting: RHB Tony Cantú 0-0: Ball
1-0: SINGLE (Groundball, 56D)
Daniel Faraday to second
Batting: RHB Roberto Alonzo 0-0: Ball
1-0: Called Strike
1-1: Ball
2-1: SINGLE (Groundball, 56D)
Daniel Faraday to third
Tony Cantú to second
Runner from 3rd tries for Home, SAFE, no throw
Batting: RHB Francisco Gonzáles 0-0: Fly out, F8 (Flyball, 8RM)
Batting: RHB Johnny Bryant 0-0: Called Strike
0-1: Ball
1-1: Called Strike
1-2: Ball
2-2: Fielders Choice at 2nd, 5-4 (Groundball, 5)
Bottom of the 2nd over - 1 run(s), 3 hit(s), 0 error(s), 1 left on base; Myrtle Beach 3 - Springfield 1
TOP OF THE 3RD
Myrtle Beach Mermen batting - Pitching for Springfield Shooters : LHP Marcus Blakely
Batting: LHB Juan Villanueva 0-0: Ground out 5-3 (Groundball, 56S)
Batting: RHB Maik Palen 0-0: Ball
1-0: Foul Ball, location: 2F
1-1: Called Strike
1-2: Fly out, F9 (Flyball, 9LS)
Batting: LHB Alexis Raimbault 0-0: Swinging Strike
0-1: Foul Ball, location: 2F
0-2: Strikes out swinging
Top of the 3rd over - 0 run(s), 0 hit(s), 0 error(s), 0 left on base; Myrtle Beach 3 - Springfield 1
BOTTOM OF THE 3RD
Springfield Shooters batting - Pitching for Myrtle Beach Mermen : RHP José López
Batting: SHB Benedict Patel 0-0: Called Strike
0-1: Foul Ball, location: 2F
0-2: Ball
1-2: Ball
2-2: Ground out 6-3 (Groundball, 6)
Batting: RHB Carlos Cardona 0-0: Called Strike
0-1: Ball
1-1: Ball
2-1: Foul Ball, location: 2F
2-2: Strikes out looking
Batting: LHB Shahid Afridi 0-0: Ball
1-0: Ground out 6-3 (Groundball, 6)
Bottom of the 3rd over - 0 run(s), 0 hit(s), 0 error(s), 0 left on base; Myrtle Beach 3 - Springfield 1
TOP OF THE 4TH
Myrtle Beach Mermen batting - Pitching for Springfield Shooters : LHP Marcus Blakely
Batting: LHB Philip Strickland 0-0: Called Strike
0-1: Ball
1-1: Foul Ball, location: 2F
1-2: Foul Ball, location: 2F
1-2: Ball
2-2: Strikes out swinging
Batting: RHB Fernando Martínez 0-0: Foul Ball, location: 2F
0-1: SINGLE (Groundball, 6) (infield hit)
Batting: RHB Jimmy Dawson 0-0: Foul Ball, location: 2F
0-1: Ball
1-1: Grounds into double play, 4-6-3 (Groundball, 4)
Top of the 4th over - 0 run(s), 1 hit(s), 0 error(s), 0 left on base; Myrtle Beach 3 - Springfield 1
BOTTOM OF THE 4TH
Springfield Shooters batting - Pitching for Myrtle Beach Mermen : RHP José López
Batting: RHB Gabrio Campoverde 0-0: Called Strike
0-1: Foul Ball, location: 2F
0-2: Ball
1-2: Ball
2-2: Strikes out swinging
Batting: LHB Daniel Faraday 0-0: Ball
1-0: Fly out, F8 (Flyball, 78S)
Batting: RHB Tony Cantú 0-0: Ball
1-0: DOUBLE (Line Drive, 78M)
Batting: RHB Roberto Alonzo 0-0: Ball
1-0: Ball
2-0: Called Strike
2-1: Swinging Strike
2-2: DOUBLE (Line Drive, 89D)
Tony Cantú scores
Batting: RHB Francisco Gonzáles 0-0: Called Strike
0-1: Foul Ball, location: 2F
0-2: Ball
1-2: Strikes out swinging
Bottom of the 4th over - 1 run(s), 2 hit(s), 0 error(s), 1 left on base; Myrtle Beach 3 - Springfield 2
TOP OF THE 5TH
Myrtle Beach Mermen batting - Pitching for Springfield Shooters : LHP Marcus Blakely
Batting: SHB David Vázquez 0-0: Fly out, F8 (Flyball, 8LS)
Batting: RHB Sergio Pérez 0-0: Ground out 6-3 (Groundball, 6)
Batting: RHB Jorge Reyes 0-0: Foul Ball, location: 2F
0-1: SINGLE (Groundball, 6MD)
Batting: LHB Juan Villanueva Pickoff Throw to First - Error! E1
Jorge Reyes to second
0-0: Called Strike
0-1: Called Strike
0-2: Ball
1-2: Foul Ball, location: 2F
1-2: Ball
2-2: Strikes out swinging
Top of the 5th over - 0 run(s), 1 hit(s), 1 error(s), 1 left on base; Myrtle Beach 3 - Springfield 2
BOTTOM OF THE 5TH
Springfield Shooters batting - Pitching for Myrtle Beach Mermen : RHP José López
Batting: RHB Johnny Bryant 0-0: Fly out, F8 (Line Drive, 8LD)
Batting: SHB Benedict Patel 0-0: Ball
1-0: Ball
2-0: Ball
3-0: Called Strike
3-1: Foul Ball, location: 2F
3-2: Foul Ball, location: 2F
3-2: Base on Balls
Batting: RHB Carlos Cardona 0-0: Called Strike
Benedict Patel steals 2nd base
0-1: Foul Ball, location: 2F
0-2: Ball
1-2: Ball
2-2: Ball
3-2: Fly out, F8 (Flyball, 89S)
Batting: LHB Shahid Afridi 0-0: Called Strike
0-1: Fly out, F7 (Flyball, 7LSF)
Bottom of the 5th over - 0 run(s), 0 hit(s), 0 error(s), 1 left on base; Myrtle Beach 3 - Springfield 2
TOP OF THE 6TH
Myrtle Beach Mermen batting - Pitching for Springfield Shooters : LHP Marcus Blakely
Batting: RHB Maik Palen 0-0: Foul Ball, location: 2F
0-1: Ground out 6-3 (Groundball, 6)
Batting: LHB Alexis Raimbault 0-0: Called Strike
0-1: Swinging Strike
0-2: Strikes out swinging
Batting: LHB Philip Strickland 0-0: Ball
1-0: Foul Ball, location: 2F
1-1: Called Strike
1-2: Ball
2-2: Ball
3-2: Foul Ball, location: 2F
3-2: Base on Balls
Batting: RHB Fernando Martínez 0-0: Ball
1-0: Ball
2-0: Ball
3-0: Called Strike
3-1: Called Strike
3-2: Base on Balls
Philip Strickland to second
Batting: RHB Jimmy Dawson 0-0: SINGLE (Line Drive, 4M)
Philip Strickland to third
Fernando Martínez to second
Runner from 3rd tries for Home, throw and OUT!
Top of the 6th over - 0 run(s), 1 hit(s), 0 error(s), 2 left on base; Myrtle Beach 3 - Springfield 2
BOTTOM OF THE 6TH
Springfield Shooters batting - Pitching for Myrtle Beach Mermen : RHP José López
Now in LF: Maikel Cobblepot
Batting: RHB Gabrio Campoverde 0-0: Ball
1-0: Called Strike
1-1: Foul Ball, location: 2F
1-2: Ball
2-2: Fly out, F9 (Flyball, 9S)
Batting: LHB Daniel Faraday 0-0: Called Strike
0-1: Ball
1-1: Swinging Strike
1-2: Strikes out looking
Batting: RHB Tony Cantú 0-0: Ball
1-0: Called Strike
1-1: Foul Ball, location: 2F
1-2: Ground out 1-3 (Groundball, P)
Bottom of the 6th over - 0 run(s), 0 hit(s), 0 error(s), 0 left on base; Myrtle Beach 3 - Springfield 2
TOP OF THE 7TH
Myrtle Beach Mermen batting - Pitching for Springfield Shooters : LHP Marcus Blakely
Batting: SHB David Vázquez 0-0: Ball
1-0: Hit by Pitch
Batting: RHB Sergio Pérez 0-0: Bunted foul
0-1: Bunted foul
0-2: Ball
1-2: Foul Ball, location: 2F
1-2: Foul Ball, location: 2F
1-2: Ball
2-2: Ball
3-2: Foul Ball, location: 2F
3-2: Base on Balls
David Vázquez to second
Batting: RHB Maikel Cobblepot 0-0: Called Strike
0-1: Bunted foul
0-2: Ball
1-2: Ball
2-2: SINGLE (Groundball, 25) (infield hit)
David Vázquez to third
Sergio Pérez to second
Pinch Hitting: RHB Theodore York 0-0: Called Strike
0-1: Grounds into fielders choice 1-2 (Groundball, 15S)
Sergio Pérez to third
Maikel Cobblepot to second
Batting: RHB Maik Palen 0-0: Ball
1-0: Ball
2-0: Ball
3-0: Called Strike
3-1: Grounds into fielders choice 6-2 (Groundball, 6)
Maikel Cobblepot to third
Theodore York to second
Batting: LHB Alexis Raimbault 0-0: Ball
1-0: SINGLE (Line Drive, 6MD)
Maikel Cobblepot scores
Theodore York to third
Maik Palen to second
Runner from 3rd tries for Home, throw and OUT!
Top of the 7th over - 1 run(s), 2 hit(s), 0 error(s), 2 left on base; Myrtle Beach 4 - Springfield 2
BOTTOM OF THE 7TH
Springfield Shooters batting - Pitching for Myrtle Beach Mermen : RHP José López
Now at 2B: Sal Haynes
Batting: RHB Roberto Alonzo 0-0: Called Strike
0-1: Swinging Strike
0-2: Foul Ball, location: 2F
0-2: Strikes out swinging
Batting: RHB Francisco Gonzáles 0-0: Called Strike
0-1: Ball
1-1: SINGLE (Line Drive, 56D)
Batting: RHB Johnny Bryant 0-0: Foul Ball, location: 2F
0-1: Called Strike
0-2: Strikes out swinging
Batting: SHB Benedict Patel 0-0: Ball
1-0: Foul Ball, location: 2F
1-1: Ground out U3 (Groundball, 34)
Bottom of the 7th over - 0 run(s), 1 hit(s), 0 error(s), 1 left on base; Myrtle Beach 4 - Springfield 2
TOP OF THE 8TH
Myrtle Beach Mermen batting - Pitching for Springfield Shooters : LHP Marcus Blakely
Batting: LHB Philip Strickland 0-0: Foul Ball, location: 2F
0-1: Fly out, F2 (Popup, 15S)
Batting: RHB Fernando Martínez 0-0: Ball
1-0: Called Strike
1-1: Ball
2-1: Ball
3-1: Called Strike
3-2: SINGLE (Line Drive, 78S)
Pitching: RHP Kozue Koga
Batting: RHB Jimmy Dawson 0-0: Called Strike
0-1: Ball
1-1: Ball
2-1: Foul Ball, location: 2F
2-2: Ball
3-2: Fielders Choice at 2nd, 1-4 (Groundball, 15S)
Batting: SHB David Vázquez 0-0: Ball
1-0: Called Strike
1-1: Foul Ball, location: 2F
1-2: Ball
2-2: Foul Ball, location: 2F
2-2: Ball
Jimmy Dawson steals 2nd base
3-2: Ground out 4-3 (Groundball, 4M)
Top of the 8th over - 0 run(s), 1 hit(s), 0 error(s), 1 left on base; Myrtle Beach 4 - Springfield 2
BOTTOM OF THE 8TH
Springfield Shooters batting - Pitching for Myrtle Beach Mermen : RHP José López
Batting: RHB Carlos Cardona 0-0: Ball
1-0: Ball
2-0: Ball
3-0: Base on Balls
Batting: LHB Shahid Afridi 0-0: Ball
1-0: Ball
2-0: Fly out, F9 (Line Drive, 9)
Batting: RHB Gabrio Campoverde 0-0: Swinging Strike
0-1: Foul Ball, location: 2F
0-2: Ball
1-2: Ball
2-2: Grounds into double play, 5-4-3 (Groundball, 5L)
Bottom of the 8th over - 0 run(s), 0 hit(s), 0 error(s), 0 left on base; Myrtle Beach 4 - Springfield 2
TOP OF THE 9TH
Myrtle Beach Mermen batting - Pitching for Springfield Shooters : RHP Kozue Koga
Pitching: RHP Jim Unknown
Batting: RHB Sergio Pérez 0-0: Ball
1-0: Ball
2-0: Fly out, F3 (Popup, 3L)
Batting: RHB Maikel Cobblepot 0-0: Foul Ball, location: 2F
0-1: Ball
1-1: Called Strike
1-2: Ball
2-2: Strikes out looking
Batting: RHB Sal Haynes 0-0: Ball
1-0: Foul Ball, location: 2F
1-1: Foul Ball, location: 2F
1-2: Ball
2-2: Strikes out swinging
Top of the 9th over - 0 run(s), 0 hit(s), 0 error(s), 0 left on base; Myrtle Beach 4 - Springfield 2
BOTTOM OF THE 9TH
Springfield Shooters batting - Pitching for Myrtle Beach Mermen : RHP José López
Pitching: RHP Burt Booth
Batting: LHB Daniel Faraday 0-0: Foul Ball, location: 2F
0-1: Ball
1-1: Foul Ball, location: 2F
1-2: Ground out U3 (Groundball, 3)
Batting: RHB Tony Cantú 0-0: Called Strike
0-1: Hit by Pitch
Batting: RHB Roberto Alonzo 0-0: Ground out U3 (Groundball, 34)
Tony Cantú to second
Pinch Hitting: LHB Walter Roda 0-0: Called Strike
0-1: Ball
1-1: Foul Ball, location: 2F
1-2: Ball
2-2: Ball
3-2: Fly out, F9 (Flyball, 89S)
Bottom of the 9th over - 0 run(s), 0 hit(s), 0 error(s), 1 left on base; Myrtle Beach 4 - Springfield 2
Saturday, May 26th, 2018 - OOTP Baseball 17.12 Build 75